 Dungeon Crawl Stone Soup version 0.24.0-35-gdb84b6a5db (webtiles) character file.

Game seed: 1955992014220386817, levelgen mode: deterministic

4596 grindst0ne the Slicer (level 10, -21/71 HPs)
             Began as a Kobold Berserker on Nov 17, 2019.
             Was an Elder of Trog.
             Killed from afar by Erica (30 damage)
             ... with a bolt of poison
             ... on level 8 of the Dungeon.
             The game lasted 00:15:20 (9933 turns).

grindst0ne the Slicer (Kobold Berserker)            Turns: 9933, Time: 00:15:20

Health: -21/71     AC:  7    Str: 14    XL:     10   Next: 69%
Magic:  19/19      EV: 12    Int: 12    God:    Trog [****..]
Gold:   339        SH:  0    Dex: 15    Spells: 9/9 levels left

rFire    . . .     SeeInvis .   q - +8 club
rCold    . . .     Gourm    .   (shield restricted)
rNeg     + . .     Faith    .   i - +0 scale mail
rPois    .         Spirit   .   g - +0 helmet
rElec    .         Reflect  .   (no cloak)
rCorr    .         Harm     .   (no gloves)
MR       .....                  (no boots)
Stlth    ..........             y - amulet of rage
HPRegen  0.21/turn              r - ring of positive energy
MPRegen  0.16/turn              v - ring of magical power

@: confused, lethally poisoned (-21 -> -30), berserk cooldown, slowed, very slow
A: small, carnivore
a: Berserk, Trog's Hand, Brothers in Arms, Renounce Religion, Evoke Berserk Rage


You were on level 8 of the Dungeon.
You worshipped Trog.
Trog was greatly pleased with you.
You were very full.

You visited 1 branch of the dungeon, and saw 8 of its levels.

You collected 339 gold pieces.

Inventory:

Hand Weapons
 b - a +0 dagger of venom
 q - a +8 club (weapon)
 B - a +4 rapier of flaming
 E - a +2 dagger of electrocution
Missiles
 H - 4 throwing nets (quivered)
Armour
 g - a +0 helmet (worn)
 h - a +0 plate armour
 i - a +0 scale mail (worn)
 x - a +0 chain mail
Jewellery
 r - a ring of positive energy (left hand)
 v - a ring of magical power (right hand)
 y - an amulet of rage (around neck)
Wands
 D - a wand of disintegration (14)
 F - a wand of acid (11)
 G - a wand of random effects (16)
 L - a wand of iceblast (8)
Scrolls
 d - a scroll of enchant armour {unknown}
 j - 3 scrolls of amnesia {unknown}
 k - 2 scrolls of noise {unknown}
 l - 6 scrolls of remove curse
 m - 4 scrolls of magic mapping
 p - 5 scrolls of teleportation
 s - 2 scrolls of immolation
 u - 2 scrolls of enchant weapon {unknown}
 z - 2 scrolls of fog {unknown}
 A - a scroll of random uselessness {unknown}
 I - a scroll of fear {unknown}
 J - a scroll of identify
Potions
 a - a potion of lignification
 e - 4 potions of heal wounds
 f - 4 potions of brilliance
 n - a potion of cancellation {unknown}
 o - 5 potions of curing
 t - 3 potions of flight
 w - 2 potions of might {unknown}
 C - a potion of mutation {unknown}
Comestibles
 c - 12 rations


   Skills:
 + Level 12.1 Fighting
 + Level 13.4 Short Blades
 - Level 1.5 Armour
 - Level 2.4 Dodging


You had 9 spell levels left.
You didn't know any spells.
Your spell library was empty.

Dungeon Overview and Level Annotations

Branches:
Dungeon (8/15)             Temple (0/1) D:5            Lair (0/6) D:8

Altars:
Cheibriados
Sif Muna
Trog
Uskayaw
Vehumet
Zin

Shops:
D:5 !

Annotations:
D:8 Erica


Innate Abilities, Weirdness & Mutations

You are small and have problems with some larger weapons.
You are carnivorous and can eat meat at any time.


Message History

You hear a shout!
Okay, then.
You feel much better.
Erica laughs wildly.
Erica casts a spell at you. The orb of energy hits you!!
* * * LOW HITPOINT WARNING * * *
The orb of energy explodes!
You feel much better. Erica casts a spell at you.
You are confused.
You bump into the stone wall.
Erica casts a spell at you. The orb of energy hits you!!
* * * LOW HITPOINT WARNING * * *
The orb of energy explodes!
Erica gestures at you while chanting. The bolt of poison hits you!!
You are lethally poisoned!
You die...

#.......# #..#
###########.## #..#
##.## ###..# ###...##
###...####
###...###@s#
###...###.@#{.Zy#
###...###..###@..#.Jh
#...###..### ...# (
#.##...### .#.#
#####...#### .#.#
.....##...### .# #
.[..........### .#
.....##.##....###
................###


You could see Erica and a giant cockroach.

Vanquished Creatures
  Harold (D:7)
  A troll (D:8)
  Grinder (D:3)
  Sigmund (D:5)
  Eustachio (D:6)
  A hungry ghost (D:6)
  A vampire mosquito (D:8)
  Edmund (D:6)
  A water moccasin (D:6)
  A sky beast (D:8)
  A black bear (D:6)
  5 ogres
  2 phantoms
  A bullfrog (D:8)
  4 scorpions
  5 killer bees (D:5)
  5 howler monkeys
  2 orc priests
  3 hounds
  6 orc wizards
  A centaur skeleton (D:5)
  2 bullfrog skeletons
  A gnoll shaman (D:7)
  5 iguanas
  Jessica (D:2)
  Terence (D:2)
  A worker ant (D:5)
  Natasha (thrice) (D:3)
  A hound zombie (D:8)
  2 hound skeletons
  A howler monkey skeleton (D:6)
  9 adders
  5 gnolls (D:7)
  A shadow imp (D:5)
  2 oozes
  An adder zombie (D:6)
  3 adder skeletons
  A worm (D:2)
  A dart slug (D:2)
  7 leopard geckos
  21 orcs
  2 ball pythons
  7 bats
  2 giant cockroaches
  2 goblins
  8 hobgoblins
  13 jackals
  13 kobolds
  6 quokkas
  7 frilled lizards
  A quokka skeleton (D:4)
  A quokka zombie (D:5)
  7 rats
183 creatures vanquished.

Vanquished Creatures (collateral kills)
  Pikel (D:6)
1 creature vanquished.

Vanquished Creatures (others)
  An ogre (D:6)
  A water moccasin skeleton (D:6)
  A crimson imp (D:6)
  A leopard gecko (D:6)
  2 jackals (D:6)
  A plant (D:5)
7 creatures vanquished.

Grand Total: 191 creatures vanquished

Notes
Turn   | Place    | Note
-------+----------+-------------------------------------------
     0 | D:1      | grindst0ne the Kobold Berserker began the quest for the
                  | Orb.
     0 | D:1      | Reached XP level 1. HP: 14/14 MP: 1/1
   124 | D:1      | Reached XP level 2. HP: 5/20 MP: 2/2
   542 | D:1      | Reached XP level 3. HP: 20/24 MP: 3/3
  1203 | D:2      | Noticed Jessica
  1214 | D:2      | Killed Jessica
  1214 | D:2      | Reached skill level 5 in Short Blades
  1214 | D:2      | Reached XP level 4. HP: 23/30 MP: 4/4
  1562 | D:2      | Reached ** piety under Trog
  1858 | D:2      | Noticed Terence
  1873 | D:2      | Killed Terence
  1873 | D:2      | Reached skill level 5 in Fighting
  1873 | D:2      | Reached XP level 5. HP: 18/35 MP: 5/5
  1926 | D:2      | Noticed an ogre
  1969 | D:2      | Killed an ogre
  1969 | D:2      | Reached XP level 6. HP: 18/41 MP: 6/6
  2734 | D:3      | Noticed Grinder
  2750 | D:3      | Paralysed by Grinder for 6 turns
  2773 | D:3      | Paralysed by Grinder for 3 turns
  2794 | D:3      | Paralysed by Grinder for 6 turns
  2807 | D:3      | Killed Grinder
  2807 | D:3      | Reached skill level 6 in Short Blades
  2807 | D:3      | Reached XP level 7. HP: 34/48 MP: 7/7
  2926 | D:3      | Found a snail-covered altar of Cheibriados.
  3133 | D:3      | Reached skill level 7 in Short Blades
  3482 | D:3      | Noticed Natasha
  3487 | D:3      | Killed Natasha
  3618 | D:3      | Noticed Natasha
  3629 | D:3      | Killed Natasha
  4130 | D:3      | Noticed Natasha
  4142 | D:3      | Killed Natasha
  4243 | D:4      | Reached *** piety under Trog
  4593 | D:4      | Reached XP level 8. HP: 52/54 MP: 8/8
  4647 | D:4      | Reached skill level 8 in Short Blades
  4994 | D:4      | Found a glowing silver altar of Zin.
  5255 | D:5      | Entered Level 5 of the Dungeon
  5354 | D:5      | Found Kiheept's Distillery.
  5483 | D:5      | Reached skill level 9 in Short Blades
  5545 | D:5      | Noticed Sigmund
  5557 | D:5      | Killed Sigmund
  5949 | D:5      | Reached XP level 9. HP: 51/60 MP: 9/9
  6119 | D:5      | Reached skill level 10 in Short Blades
  6275 | D:5      | Found a staircase to the Ecumenical Temple.
  6288 | D:5      | Found a bloodstained altar of Trog.
  6298 | D:5      | Reached **** piety under Trog
  6304 | D:5      | Found a hide-covered altar of Uskayaw.
  6305 | D:5      | Found a radiant altar of Vehumet.
  6409 | D:5      | Found a shimmering blue altar of Sif Muna.
  7038 | D:6      | Reached skill level 10 in Fighting
  7127 | D:6      | Noticed Eustachio
  7145 | D:6      | Killed Eustachio
  7145 | D:6      | Reached skill level 11 in Short Blades
  7426 | D:6      | Noticed Pikel
  7432 | D:6      | Killed Pikel
  7929 | D:6      | Reached XP level 10. HP: 64/68 MP: 10/10
  8334 | D:6      | Reached skill level 12 in Short Blades
  8338 | D:6      | Noticed Edmund
  8351 | D:6      | Killed Edmund
  8813 | D:7      | Noticed Harold
  8829 | D:7      | Killed Harold
  9024 | D:7      | Reached skill level 13 in Short Blades
  9643 | D:8      | Found a staircase to the Lair.
  9889 | D:8      | Noticed Erica
  9933 | D:8      | Killed from afar by Erica

Levels and vault maps discovered:
D:1:      dpeg_arrival_houses_and_road, layout_basic
D:2:      layout_basic, first_ration, uniq_terence, uniq_jessica
D:3:      layout_loops_corners, lemuel_doored_altar, kennysheep_generic_room_8,
          uniq_grinder, uniq_natasha
D:4:      layout_basic, old_standard_altar
D:5:      layout_loops_corners, gammafunk_temple_overflow_forgotten,
          minmay_temple_entry_large_hall, serial_shops, kennysheep_little_box,
          basic_altar, uniq_sigmund
D:6:      layout_layer_cave, uniq_edmund, uniq_eustachio, uniq_pikel
D:7:      layout_basic, uniq_harold
D:8:      minmay_the_grid_four_pointed_star [minmay_the_grid_triangle_9x9_cache,
          minmay_the_grid_triangle_9x9_dagger,
          minmay_the_grid_triangle_9x9_fully_insulated_deathbox,
          minmay_the_grid_triangle_9x9_skeleton,
          minmay_the_grid_prize_inner_circle], layout_basic,
          lemuel_coloured_pillars_altar, old_standard_altar, grunt_livestock,
          uniq_psyche, uniq_erica

Skill      XL: |  1  2  3  4  5  6  7  8  9 10 |
---------------+-------------------------------+-----
Fighting       | 4 5 6 7 9 10 12 | 12.1
Short Blades   | 5 6 7 9 11 13 | 13.4
Armour         | |  1.5
Dodging        | |  2.4

Action                   |  1- 3 |  4- 6 |  7- 9 | 10-12 || total
-------------------------+-------+-------+-------+-------++-------
Melee: Short sword       |    87 |    17 |       |       ||   104
       Club              |       |    63 |   240 |   152 ||   455
       Dagger            |       |    45 |   187 |       ||   232
Invok: Berserk           |     2 |     3 |    13 |     5 ||    23
       Trog's Hand       |       |       |     1 |     1 ||     2
       Brothers in Arms  |       |       |     1 |       ||     1
  Use: Scroll            |       |     5 |     1 |     4 ||    10
       Potion            |       |       |       |     2 ||     2
  Eat: Chunk             |     8 |     9 |    33 |    15 ||    65
Armor: Animal skin       |     3 |       |       |       ||     3
       Scale mail        |     4 |    35 |   132 |    52 ||   223
Dodge: Dodged            |    61 |    67 |   290 |    98 ||   516
